 Dungeon Crawl Stone Soup version 0.25.1-2-g60ff931df9 (webtiles) character file.

Game seed: 12049710905554494816

84107 DogServant the Nimble (level 15, -1/146 HPs)
             Began as a Red Draconian Transmuter on Nov 10, 2020.
             Was the Champion of Makhleb.
             Slain by a two-headed ogre
             ... wielding a +0 giant club
              (9 damage)
             ... on level 14 of the Dungeon.
             The game lasted 00:50:55 (30304 turns).

DogServant the Nimble (Red Draconian Transmuter)   Turns: 30304, Time: 00:50:56

Health: -1/146     AC: 14    Str: 23    XL:     15   Next: 34%
Magic:  19/22      EV: 26    Int: 11    God:    Makhleb [******]
Gold:   2175       SH:  0    Dex: 27    Spells: 10/24 levels left

rFire    + . .     SeeInvis .     - Unarmed
rCold    + . .     Gourm    .   (shield currently unavailable)
rNeg     . . .     Faith    .   (armour unavailable)
rPois    .         Spirit   .   v - +2 hat
rElec    .         Reflect  .   f - +2 cloak {rCorr}
rCorr    +         Harm     .   (gloves currently unavailable)
MR       +++..                  (no boots)
Stlth    +.........             (no amulet)
HPRegen  0.34/turn              s - ring of Satisfaction {rC+ Dex+8}
MPRegen  0.18/turn              C - ring "Byatyehi" {MR++ Str+6 Dex+7 Stlth-}

@: blade hands (expiring), very slightly contaminated, drained
A: breathe fire, unfitting armour, hooves 1, clumsy 1, dopey 1, fire resistance
1, sense surroundings 1, robust 1, cold-blooded, AC +9
a: Breathe Fire, End Transformation, Minor Destruction, Lesser Servant of
Makhleb, Major Destruction, Greater Servant of Makhleb, Renounce Religion


You were on level 14 of the Dungeon.
You worshipped Makhleb.
Makhleb was exalted by your worship.
You were not hungry.
You had blades for hands.
You visited 5 branches of the dungeon, and saw 25 of its levels.
You also visited: Trove, Sewer, Ice Cave and Volcano.

You collected 3435 gold pieces.
You spent 1260 gold pieces at shops.

Inventory:

Missiles
 a - 513 arrows
 w - 11 curare-tipped darts (quivered)
 E - 58 poisoned darts
Armour
 f - a +2 cloak of preservation (worn)
 v - a +2 hat (worn)
 I - the +1 buckler of Xitaic (melded) {Regen+}
   (You found it in a treasure trove)

   It increases your rate of regeneration.
 V - a scarf of resistance
Jewellery
 o - a +6 ring of intelligence
 s - the ring of Satisfaction (left scythe-like blade) {rC+ Dex+8}
   (You found it in a treasure trove)

   [ring of protection from cold]

   It affects your dexterity (+8).
   It protects you from cold.
 C - the ring "Byatyehi" (right scythe-like blade) {MR++ Str+6 Dex+7 Stlth-}
   (You found it on level 5 of the Dungeon)

   [ring of strength]

   It affects your strength (+6).
   It affects your dexterity (+7).
   It affects your resistance to hostile enchantments.
   It makes you less stealthy.
 J - a +4 ring of protection
 L - an uncursed ring of resist corrosion
 T - the ring "Ummib" {rPois Str+2 Stlth+}
   (You found it in a treasure trove)

   [ring of stealth]

   It affects your strength (+2).
   It protects you from poison.
   It makes you more stealthy.
 U - an uncursed ring of protection from magic
Wands
 l - a wand of acid (10)
 m - a wand of iceblast (14)
 n - a wand of enslavement (17)
 D - a wand of paralysis (20)
 G - a wand of digging (4)
 N - a wand of random effects (43)
 O - a wand of polymorph (11)
 Q - a wand of flame (47)
Scrolls
 d - 2 scrolls of fog
 e - 14 scrolls of teleportation
 g - 5 scrolls of enchant armour
 j - 3 scrolls of identify
 u - 11 scrolls of remove curse
 y - 3 scrolls of magic mapping
 B - 2 scrolls of amnesia
 R - a scroll of enchant weapon
 S - 2 scrolls of blinking
Potions
 b - 4 potions of heal wounds
 h - a potion of resistance
 i - 8 potions of might
 k - 4 potions of ambrosia
 p - 17 potions of curing
 r - 4 potions of flight
 t - 4 potions of haste
 x - 3 potions of lignification
 z - 2 potions of stabbing
 A - 6 potions of brilliance
 F - a potion of cancellation
 K - a potion of berserk rage
 X - 2 potions of magic
Miscellaneous
 H - a lightning rod (2/4)
 P - a phial of floods
Comestibles
 c - 36 rations


   Skills:
 + Level 12.2(11.5) Fighting
 - Level 13.6(12.8) Dodging
 - Level 4.0(3.3) Shields
 - Level 11.9(11.2) Unarmed Combat
 - Level 5.0(4.3) Spellcasting
 - Level 5.0(4.3) Charms
 - Level 11.0(10.2) Transmutations
 - Level 9.4(8.8) Invocations
 + Level 5.8(5.1) Evocations


You had 10 spell levels left.
You knew the following spells:

 Your Spells              Type           Power        Failure   Level  Hunger
a - Beastly Appendage     Tmut           ####..       11%         1    #......
b - Sticks to Snakes      Tmut           ####....     12%         2    ##.....
c - Blade Hands           Tmut           ####......   45%         5    ######.
d - Song of Slaying       Chrm           ##......     36%         2    ##.....
f - Swiftness             Chrm/Air       #.......     54%         2    ##.....
g - Shroud of Golubria    Chrm/Tloc      #.....       54%         2    ##.....

Your spell library contained the following spells:

 Spells                   Type           Power        Failure   Level  Hunger
 Sting                    Tmut/Pois      ##..         24%         1    #......
 Infusion                 Chrm           ##..         28%         1    #......
 Spider Form              Tmut/Pois      ##........   43%         3    ###....
 Ignite Poison            Fire/Tmut/Pois #.......     58%         3    ###....
 Corona                   Hex            #......      65%         1    #......
 Foxfire                  Conj/Fire      #...         65%         1    #......
 Magic Dart               Conj           #...         65%         1    #......
 Shock                    Conj/Air       #...         65%         1    #......
 Ozocubu's Armour         Chrm/Ice       #.......     71%         3    ###....
 Spectral Weapon          Hex/Chrm       #.......     71%         3    ###....
 Ice Form                 Ice/Tmut       ##......     71%         4    #####..
 Petrify                  Tmut/Erth      ##......     71%         4    #####..
 Blink                    Tloc           N/A          77%         2    ##.....
 Ensorcelled Hibernation  Hex/Ice        #.....       77%         2    ##.....
 Poisonous Vapours        Pois/Air       #.....       77%         2    ##.....
 Searing Ray              Conj           #.....       77%         2    ##.....
 Confusing Touch          Hex            #.......     90%         3    ###....
 Conjure Flame            Conj/Fire      #.......     90%         3    ###....
 Dazzling Flash           Conj/Hex       #.....       90%         3    ###....
 Gell's Gravitas          Tloc           #.........   90%         3    ###....
 Inner Flame              Hex/Fire       #.......     90%         3    ###....
 Lesser Beckoning         Tloc           #.........   90%         3    ###....
 Mephitic Cloud           Conj/Pois/Air  #.......     90%         3    ###....
 Portal Projectile        Hex/Tloc       #.....       90%         3    ###....
 Static Discharge         Conj/Air       #.......     90%         3    ###....
 Teleport Other           Tloc           #.......     90%         3    ###....
 Tukima's Dance           Hex            #.......     90%         3    ###....
 Yara's Violent Unravell  Hex/Tmut       ##........   92%         5    ######.
 Airstrike                Air            #.........   99%         4    #####..
 Fulminant Prism          Conj/Hex       #.........   99%         4    #####..
 Iskenderun's Mystic Bla  Conj/Tloc      #.......     99%         4    #####..
 Olgreb's Toxic Radiance  Pois           #.......     99%         4    #####..
 Passage of Golubria      Tloc           N/A          99%         4    #####..
 Sticky Flame             Conj/Fire      #.......     99%         4    #####..
 Fireball                 Conj/Fire      #.........   100%        5    ######.
 Lightning Bolt           Conj/Air       #.........   100%        5    ######.
 Metabolic Englaciation   Hex/Ice        #.........   100%        5    ######.
 Dispersal                Tloc           #.........   100%        6    #######
 Controlled Blink         Tloc           N/A          100%        8    #######
 Disjunction              Tloc           #.........   100%        8    #######


Dungeon Overview and Level Annotations

Branches:
Dungeon (15/15)            Temple (1/1) D:5            Lair (6/6) D:9
  Swamp (1/4) Lair:3       Spider (0/4) Lair:2        Slime (0/5) Lair:6
    Orc (2/2) D:11            Elf (0/3) Orc:2        Vaults (0/5) D:14
  Sewer (visited)           IceCv (visited)         Volcano (visited)
 Depths: D:15

Altars:
Ashenzari
Cheibriados
Dithmenos
Elyvilon
Fedhas
Gozag
Hepliaklqana
Kikubaaqudgha
Makhleb
Nemelex Xobeh
Okawaru
Qazlal
Ru
Sif Muna
Trog
Uskayaw
Vehumet
Wu Jian
Yredelemnul
Zin
The Shining One

Shops:
D:5 **(   D:8 (   D:10 }   D:11 ?   D:14 *   Orc:2 [*:*=


Innate Abilities, Weirdness & Mutations

You can breathe blasts of fire.
Your fiery red scales are hard. (AC +9)
You cannot fit into any form of body armour.
Your flesh is heat resistant. (rF+)
You are cold-blooded and may be slowed by cold attacks.
You have large cloven feet.
You are clumsy. (Dex -2)
You are dopey. (Int -2)
You passively map a small area around you.
You are robust. (+10% HP)


Message History

Your transformation is almost over.
Evoke which item? (* to show all) (? for menu, Esc to quit)
Aiming: Thunderbolt
Press: ? - help, Shift-Dir - straight line The thunderbolt hits the two-headed ogre!
The two-headed ogre is moderately wounded.
Unknown command.
Evoke which item? (* to show all) (? for menu, Esc to quit)
Aiming: Thunderbolt
Press: ? - help, Shift-Dir - straight line The thunderbolt hits the two-headed ogre!
The two-headed ogre is heavily wounded.
Unknown command.
You barely miss the two-headed ogre.
You kick the two-headed ogre, but do no damage.
You tail-slap the two-headed ogre.
The two-headed ogre is heavily wounded.
The two-headed ogre misses you.
The two-headed ogre hits you with a +0 giant spiked club!
You die...

#....)###########..#..#
#.###)#............#..# #.#
#)#...............#
#.###)#........≈.≈..###
#.....#....#.≈.≈≈≈≈≈.####
#.....#......≈≈≈≈≈≈≈.....
#.....#.....≈≈#≈≈≈#≈≈.#..
#.....#.....≈≈≈≈O≈≈≈≈....
#.....#.@O.≈O≈≈)>≈≈≈≈≈...
#.....#.....≈≈≈≈(≈≈≈≈≈...
#...).#.....≈≈#≈≈≈#≈≈.#..
#.....#####..≈≈≈≈≈≈≈..#.(
#####<....# ##.≈.≈≈≈≈...#..
#.........## #..........'..
#..........# #..........#..
#....).....#####..........###
#....)...........############


You could see 2 two-headed ogres.

Vanquished Creatures
  An orc warlord (Orc:2)
  A stone giant (Orc:1)
  Snorg (D:13)
  2 hydras
  3 catoblepae (Lair:6)
  2 dancing weapons (D:14)
  7 two-headed ogres
  Erica (Lair:1)
  2 centaur warriors
  3 orc high priests (Orc:2)
  5 death yaks (Lair:6)
  Urug (Lair:4)
  3 skeletal warriors (D:12)
  5 orc knights (Orc:2)
  A deep elf mage (D:9)
  8 orc sorcerers (Orc:2)
  9 ugly things
  A cyclops (D:13)
  3 oklob plants
  3 manticores
  3 salamanders (Volcano)
  5 elephants (Lair:2)
  3 ice statues (IceCv)
  4 black mambas
  3 gargoyles
  8 spiny frogs
  4 kobold demonologists
  9 komodo dragons
  2 efreet (D:14)
  4 rime drakes
  A yaktaur (D:14)
  A guardian mummy (D:13)
  2 ice devils (Orc:1)
  3 trolls
  5 polar bears
  4 tyrant leeches
  A queen bee (Lair:2)
  9 hippogriffs
  A hornet (D:12)
  9 blink frogs
  4 shadows
  46 yaks
  A wraith (D:11)
  5 wyverns
  2 vampires
  4 basilisks
  2 fire elementals (Lair:5)
  2 fire bats (Volcano)
  4 hungry ghosts
  A steam dragon (Lair:2)
  6 vampire mosquitoes
  6 wargs
  2 swamp worms (Lair:3)
  14 water moccasins
  6 porcupines
  5 hell hounds
  24 orc warriors
  7 ice beasts
  4 sky beasts
  7 black bears
  2 phantoms
  A necrophage (D:4)
  16 wolves
  8 ogres
  17 centaurs
  10 crocodiles
  5 big kobolds
  19 bullfrogs
  A gnoll sergeant (D:6)
  A wyvern zombie (D:8)
  A wyvern skeleton (D:12)
  2 scorpions
  38 killer bees
  13 wights
  2 howler monkeys (D:11)
  11 crimson imps
  6 bullfrog zombies
  2 centaur zombies
  10 jellies
  2 bullfrog skeletons
  7 hounds
  15 orc priests
  2 centaur skeletons
  2 iguanas
  26 orc wizards
  11 worker ants
  4 hound zombies
  4 worker ant zombies
  7 gnolls
  14 adders
  2 river rats (Lair:2)
  A shadow imp (D:10)
  8 oozes
  2 adder skeletons
  2 adder zombies (D:4)
  2 worms
  2 dart slugs
  4 leopard geckos
  65 orcs
  5 ball pythons
  9 bats
  6 giant cockroaches
  11 goblins
  5 hobgoblins
  5 jackals
  35 kobolds
  3 quokkas
  7 frilled lizards
  A giant cockroach zombie (D:4)
  A jackal skeleton (D:4)
  A jackal zombie (D:4)
  A leopard gecko skeleton (D:4)
  A quokka skeleton (D:4)
  5 rats
  2 butterflies (Lair:2)
740 creatures vanquished.

Vanquished Creatures (others)
  Louise (Swamp:1)
  A swamp drake (Swamp:1)
  A centaur (Volcano)
  An orc priest (Orc:2)
  A gnoll (D:6)
  3 fungi
  2 plants
10 creatures vanquished.

Grand Total: 750 creatures vanquished

Notes
Turn   | Place    | Note
-------+----------+-------------------------------------------
     0 | D:1      | DogServant the Draconian Transmuter began the quest for the
                  | Orb.
     0 | D:1      | Reached XP level 1. HP: 16/16 MP: 3/3
   292 | D:1      | Reached XP level 2. HP: 15/23 MP: 3/5
  1047 | D:1      | Reached XP level 3. HP: 26/28 MP: 4/6
  1344 | D:2      | Learned a level 2 spell: Sticks to Snakes
  1348 | D:2      | Learned a level 3 spell: Spider Form
  1487 | D:2      | Found a sparkling altar of Nemelex Xobeh.
  1488 | D:2      | Found an opulent altar of Gozag.
  1890 | D:2      | Reached XP level 4. HP: 35/35 MP: 7/7
  1959 | D:2      | Found a glowing silver altar of Zin.
  2935 | D:3      | Reached XP level 5. HP: 40/40 MP: 6/8
  3779 | D:4      | Reached skill level 5 in Transmutations
  4172 | D:4      | Reached XP level 6. HP: 37/47 MP: 9/9
  4569 | D:4      | Reached skill level 2 in Dodging
  4569 | D:4      | Reached skill level 5 in Unarmed Combat
  4734 | D:4      | Your scales start taking on a fiery red colour.
  4734 | D:4      | Reached XP level 7. HP: 45/52 MP: 10/10
  4734 | D:4      | Gained mutation: Your flesh is heat resistant. (rF+) [Red
                  | Draconian growth]
  5003 | D:5      | Entered Level 5 of the Dungeon
  5116 | D:5      | Found Xuamiuh's General Store.
  5439 | D:5      | Found Ovuyk's Assorted Antiques.
  5453 | D:5      | Bought a ruby ring for 140 gold pieces
  5473 | D:5      | Found a glowing drain.
  5494 | D:5      | Found Ucuim's Weapon Shop.
  5497 | Sewer    | Entered a sewer
  6005 | D:5      | Found a shimmering blue altar of Sif Muna.
  6108 | D:5      | Found a staircase to the Ecumenical Temple.
  6126 | Temple   | Entered the Ecumenical Temple
  6316 | Temple   | Became a worshipper of Makhleb the Destroyer
  6396 | D:5      | Reached skill level 3 in Dodging
  6615 | D:5      | Got a steaming glass ring
  6794 | D:6      | Reached XP level 8. HP: 45/63 MP: 7/11
  7210 | D:6      | Found a shadowy altar of Dithmenos.
  7304 | D:6      | Reached skill level 4 in Dodging
  7422 | D:6      | Reached * piety under Makhleb
  7580 | D:6      | Found a hazy altar of Hepliaklqana.
  7604 | D:6      | Reached skill level 5 in Fighting
  7888 | D:8      | Learned a level 5 spell: Blade Hands
  7920 | D:8      | Noticed a two-headed ogre
  7951 | D:8      | Killed a two-headed ogre
  7951 | D:8      | Reached skill level 5 in Dodging
  7951 | D:8      | Reached XP level 9. HP: 42/74 MP: 9/12
  8103 | D:8      | Found Gaucux's Antique Weapon Shoppe.
  9735 | D:8      | Reached ** piety under Makhleb
  9735 | D:8      | Reached skill level 6 in Dodging
 10130 | D:8      | Reached XP level 10. HP: 86/86 MP: 7/13
 10517 | D:9      | Found a staircase to the Lair.
 10688 | D:9      | Reached skill level 7 in Dodging
 10787 | D:9      | Learned a level 2 spell: Song of Slaying
 11083 | D:9      | Found an iron altar of Okawaru.
 11188 | D:9      | Identified the ring "Byatyehi" {MR++ Str+6 Dex+7 Stlth-}
                  | (You found it on level 5 of the Dungeon)
 11220 | D:9      | Noticed a deep elf mage
 11227 | D:9      | Killed a deep elf mage
 11351 | D:9      | Reached *** piety under Makhleb
 11570 | D:10     | Entered Level 10 of the Dungeon
 11588 | D:10     | Reached skill level 8 in Dodging
 12163 | D:10     | Found Juatehur's Gadget Emporium.
 12171 | D:10     | Bought a phial of floods for 600 gold pieces
 12340 | Lair:1   | Entered Level 1 of the Lair of Beasts
 12358 | Lair:1   | Noticed Erica
 12368 | Lair:1   | Killed Erica
 12724 | Lair:1   | Noticed a black mamba
 12729 | Lair:1   | Killed a black mamba
 12927 | Lair:1   | Reached XP level 11. HP: 88/92 MP: 12/17
 14481 | Lair:2   | Reached skill level 9 in Dodging
 14481 | Lair:2   | Reached skill level 1 in Invocations
 14600 | Lair:2   | Reached **** piety under Makhleb
 14621 | Lair:2   | Reached skill level 10 in Unarmed Combat
 15114 | Lair:2   | Found a hole to the Spider Nest.
 15916 | Lair:3   | Reached XP level 12. HP: 103/103 MP: 12/18
 16136 | Lair:3   | Found a dark tunnel.
 16216 | Volcano  | Entered a volcano
 16336 | Volcano  | Noticed a two-headed ogre
 16343 | Volcano  | Killed a two-headed ogre
 16343 | Volcano  | Reached skill level 10 in Transmutations
 17131 | Lair:3   | Reached skill level 10 in Dodging
 17265 | Lair:3   | Found a hide-covered altar of Uskayaw.
 17282 | Lair:3   | Noticed a six-headed hydra
 17287 | Lair:3   | Killed a six-headed hydra
 17287 | Lair:3   | Reached skill level 5 in Invocations
 17481 | Lair:3   | Found a staircase to the Swamp.
 17949 | Lair:4   | Noticed Urug
 17958 | Lair:4   | Killed Urug
 18037 | Lair:4   | Reached skill level 5 in Spellcasting
 18084 | Lair:4   | Reached ***** piety under Makhleb
 18500 | Lair:4   | Reached skill level 10 in Fighting
 18539 | Lair:4   | Reached skill level 11 in Dodging
 18838 | Lair:4   | Found a shadowy altar of Dithmenos.
 18925 | Lair:4   | Reached XP level 13. HP: 100/113 MP: 15/20
 19445 | Lair:5   | Learned a level 2 spell: Swiftness
 19448 | Lair:5   | Learned a level 2 spell: Shroud of Golubria
 19696 | Lair:5   | Found a transporter.
 19804 | Lair:5   | Found a transporter.
 20252 | Lair:6   | Entered Level 6 of the Lair of Beasts
 20282 | Lair:6   | Reached skill level 1 in Charms
 21090 | Lair:6   | Reached skill level 12 in Dodging
 21717 | Lair:6   | Found a staircase to the Slime Pits.
 22399 | D:11     | Found Enliabb's Magic Scroll Emporium.
 22595 | D:11     | Gained mutation: Your body sometimes deteriorates upon
                  | taking damage. [mutagenic glow]
 22689 | D:11     | Lost mutation: Your body sometimes deteriorates upon taking
                  | damage. [potion of mutation]
 22689 | D:11     | Gained mutation: You are agile. (Dex +2) [potion of
                  | mutation]
 22689 | D:11     | Gained mutation: Scrolls take you a little longer to read.
                  | [potion of mutation]
 22689 | D:11     | Gained mutation: Your body sometimes deteriorates upon
                  | taking damage. [potion of mutation]
 22689 | D:11     | Lost mutation: Scrolls take you a little longer to read.
                  | [potion of mutation]
 22690 | D:11     | Lost mutation: You are agile. (Dex +2) [potion of mutation]
 22690 | D:11     | Lost mutation: Your body sometimes deteriorates upon taking
                  | damage. [potion of mutation]
 22690 | D:11     | Gained mutation: You are weak. (Str -2) [potion of
                  | mutation]
 22690 | D:11     | Gained mutation: You passively map a small area around you.
                  | [potion of mutation]
 22691 | D:11     | Lost mutation: You are weak. (Str -2) [potion of mutation]
 22691 | D:11     | Gained mutation: You have large cloven feet. [potion of
                  | mutation]
 22691 | D:11     | Gained mutation: You are dopey. (Int -2) [potion of
                  | mutation]
 22691 | D:11     | Gained mutation: You are clumsy. (Dex -2) [potion of
                  | mutation]
 22691 | D:11     | Gained mutation: You are robust. (+10% HP) [potion of
                  | mutation]
 23143 | D:11     | Reached skill level 13 in Dodging
 23272 | D:11     | Reached XP level 14. HP: 133/133 MP: 15/21
 23342 | D:11     | Reached ****** piety under Makhleb
 23407 | D:11     | Found a shattered altar of Ashenzari.
 23493 | D:11     | Found a staircase to the Orcish Mines.
 23695 | D:12     | Found a gate leading to a gauntlet.
 23765 | D:12     | Reached skill level 5 in Charms
 25326 | D:13     | Noticed Snorg
 25333 | D:13     | Killed Snorg
 25573 | D:13     | Found a portal to a secret trove of treasure.
 25772 | D:13     | You paid a toll of 3 potions of resistance to enter a
                  | treasure trove
 25773 | Trove    | Entered a treasure trove
 25787 | Trove    | Got a faintly glowing silver ring
 25797 | Trove    | Got an ichor-stained buckler
 25801 | Trove    | Got a fine granite ring
 25828 | Trove    | Identified the +1 buckler of Xitaic {Regen+} (You found it
                  | in a treasure trove)
 25831 | Trove    | Identified the ring "Ummib" {rPois Str+2 Stlth+} (You found
                  | it in a treasure trove)
 25835 | Trove    | Identified the ring of Satisfaction {rC+ Dex+8} (You found
                  | it in a treasure trove)
 25845 | Trove    | Got a steaming great sword
 25922 | D:14     | Found a gate to the Vaults.
 25959 | D:14     | Reached skill level 1 in Shields
 26369 | D:14     | Found a shattered altar of Ashenzari.
 26480 | D:14     | Found Ziorag's Assorted Antiques.
 26561 | D:14     | Bought a papyrus book for 390 gold pieces
 26561 | D:14     | Bought a garnet ring for 130 gold pieces
 27265 | D:15     | Entered Level 15 of the Dungeon
 27497 | Swamp:1  | Entered Level 1 of the Swamp
 27497 | Swamp:1  | Noticed Louise
 27517 | Swamp:1  | Killed Louise
 27517 | Swamp:1  | Reached skill level 1 in Evocations
 27814 | Orc:1    | Entered Level 1 of the Orcish Mines
 27965 | Orc:1    | Noticed a stone giant
 27977 | Orc:1    | Killed a stone giant
 28262 | Orc:1    | Found a frozen archway.
 28282 | IceCv    | Entered an ice cave
 28672 | IceCv    | Reached XP level 15. HP: 142/143 MP: 15/22
 29078 | Orc:2    | Entered Level 2 of the Orcish Mines
 29088 | Orc:2    | Found a staircase to the Elven Halls.
 29159 | Orc:2    | Found a radiant altar of Vehumet.
 29187 | Orc:2    | Noticed an orc warlord
 29204 | Orc:2    | Killed an orc warlord
 29488 | Orc:2    | Found Zefial's Jewellery Shop.
 29850 | Orc:2    | Found Qegamug's Assorted Antiques.
 29874 | Orc:2    | Reached skill level 5 in Evocations
 30043 | Orc:2    | Found Daeves's Book Shoppe.
 30049 | Orc:2    | Found Tekkugh's General Store.
 30051 | Orc:2    | Found Zugatad's Armour Boutique.
 30298 | D:14     | HP: 6/146 [two-headed ogre/+0 giant club (9)]
 30304 | D:14     | Slain by a two-headed ogre

Illustrated notes

Levels and vault maps discovered:
D:1:      minmay_arrival_open_corners, layout_loops_corners
D:2:      layout_basic, grunt_temple_overflow_opulence, zin_scriptorium
D:3:      layout_loops_cross, first_ration
D:4:      layout_basic, serial_undead, serial_undead_d, serial_undead_e,
          serial_undead_b, serial_undead_d, serial_undead_c, serial_undead_e,
          serial_undead_b
D:5:      layout_cave_pools, minmay_temple_entry_ruins,
          cheibrodos_sewer_entry_drain, basic_altar, serial_shops, shop_statue,
          shop, shop_statue
D:6:      layout_loops_cross, basic_altar, grunt_dithmenos_smoke
D:7:      minmay_polygon_palace, layout_loops_cross, xom_redecorated
D:8:      layout_basic, serial_shops, nicolae_shop_trees,
          hangedman_little_slice_of_home
D:9:      layout_irregular_city, erik_lair_orcish_takeover, basic_altar
D:10:     layout_basic, serial_shops, nicolae_shop_competitors_out_of_business
D:11:     layout_irregular_city, orc_0_dummy, serial_shops, shop, basic_altar,
          minmay_tree_intersection
D:12:     layout_gridville, gauntlet_entry_generic
D:13:     layout_cave_pools, nicolae_trove_entry_path_of_doom,
          serial_column_ruins, column_ruins_grid_3, column_ruins_columns_water,
          column_ruins_open_small_water, column_ruins_grid_1,
          column_ruins_columns_straight, uniq_snorg
D:14:     layout_stronghold, erik_vaults_1, infiniplex_staircase_pool_1,
          serial_shops, shop, lemuel_oklob_altar
D:15:     grunt_enter_depths_snipers, layout_stronghold,
          chequers_decorated_corner, serial_bayou_crossing
Temple:   regret_index_temple_mists
Lair:1:   beast_lair_carwin_large_3, layout_layer_cave, uniq_erica
Lair:2:   regret_index_bee_streams, layout_regular_city, dummy_spider_entry,
          lemuel_fruit_fields, lemuel_fruit_tree
Lair:3:   layout_layer_cave, minmay_swamp_entry_worms, basic_altar,
          enter_volcano_2, grunt_megastairs_3
Lair:4:   layout_hall_layers, basic_altar, minmay_lair_oklob_items, uniq_urug
Lair:5:   gammafunk_cloud_chamber, layout_regular_city
Lair:6:   evilmike_catoblepas_cave, layout_regular_city, slime_dummy
Swamp:1:  layout_basic_swamp, infiniplex_staircase_pool, uniq_louise
Orc:1:    layout_diamond_mine, portal_ice_cave_demonic_guard, mines3_lemuel
Orc:2:    st_orc_elflike, layout_diamond_mine, basic_altar, serial_shops, shop

Skill      XL: |  1  2  3  4  5  6  7  8  9 10 11 12 13 14 15 |
---------------+----------------------------------------------+-----
Transmutations | 3 4 5 6 7 8 9 10 11 | 11.0
Unarmed Combat | 4 5 6 7 8 9 10 11 | 11.9
Dodging        | 2 3 5 6 8 9 11 13 | 13.6
Fighting       | 3 5 7 8 10 11 12 | 12.2
Spellcasting   | 4 5 |  5.0
Invocations    | 3 6 7 9 |  9.4
Charms         | 4 5 |  5.0
Shields        | 4 |  4.0
Evocations     | 3 5 |  5.8

Action                   |  1- 3 |  4- 6 |  7- 9 | 10-12 | 13-15 || total
-------------------------+-------+-------+-------+-------+-------++-------
Melee: Unarmed           |    98 |   214 |   420 |   503 |   826 ||  2061
       Tailslap          |     5 |    23 |    22 |    83 |   160 ||   293
       Headbutt          |    10 |    14 |     2 |       |     1 ||    27
       Punch             |     2 |     2 |     2 |    16 |    59 ||    81
       Kick              |     1 |    14 |    22 |     2 |   244 ||   283
Throw: Dart              |       |       |     1 |       |       ||     1
 Cast: Beastly Appendage |    13 |    19 |    14 |     4 |     1 ||    51
       Spider Form       |       |     3 |    30 |       |       ||    33
       Blade Hands       |       |       |     5 |    62 |   103 ||   170
       Sticks to Snakes  |       |       |     2 |       |     1 ||     3
       Song of Slaying   |       |       |       |       |     7 ||     7
       Swiftness         |       |       |       |       |     2 ||     2
Invok: Minor Destruction |       |       |       |     1 |     5 ||     6
 Abil: Breathe Fire      |       |       |     6 |     7 |     9 ||    22
       End Transformatio |       |       |     1 |       |       ||     1
Evoke: Wand              |       |       |       |     6 |       ||     6
       Lightning rod     |       |       |       |       |     5 ||     5
  Use: Scroll            |       |       |     5 |     7 |    19 ||    31
       Potion            |       |       |     1 |     1 |     5 ||     7
 Stab: Sleeping          |       |     1 |     1 |       |       ||     2
  Eat: Chunk             |     2 |    11 |    13 |    34 |    40 ||   100
       Ration            |       |       |     3 |     6 |    11 ||    20
Armor: Skin              |    24 |    52 |    87 |   122 |   134 ||   419
Dodge: Dodged            |    68 |   115 |   329 |   502 |   941 ||  1955
Block: Buckler           |       |       |       |       |    15 ||    15
